PBL
YORK REVOLUTION @ WINDY CITY THUNDERBOLTS
06/13/2048
 
TOP OF THE 1ST
York Revolution batting - Pitching for Windy City ThunderBolts : RHP Dusty Haberstroh
Pitching: RHP Dusty Haberstroh
Batting: LHB Mike Hawk 0-0: Ball
1-0: Called Strike
1-1: Swinging Strike
1-2: Fly out, F8 (Flyball, 8RS, EV 89.4 MPH)
Batting: LHB Ryan Young 0-0: SOLO HOME RUN (Line Drive, 89XD, EV 101.9 MPH), Distance : 406 ft
Batting: LHB Jason Duda 0-0: Ball
1-0: Ball
2-0: Called Strike
2-1: Foul Ball, location: 2F
2-2: Strikes out looking
Batting: LHB Jean-Claude Vanbiesbrouck 0-0: Ball
1-0: Foul Ball, location: 2F
1-1: Ball
2-1: Swinging Strike
2-2: Ball
3-2: Foul Ball, location: 2F
3-2: Fly out, F3 (Line Drive, 34, EV 70.6 MPH)
Top of the 1st over - 1 run, 1 hit, 0 errors, 0 left on base; York 1 - Windy City 0
BOTTOM OF THE 1ST
Windy City ThunderBolts batting - Pitching for York Revolution : LHP Chris Alexopoulos
Pitching: LHP Chris Alexopoulos
Batting: RHB Dave Dominguez 0-0: Ball
1-0: Foul Ball, location: 2F
1-1: Called Strike
1-2: Foul Ball, location: 2F
1-2: Strikes out swinging
Batting: RHB Joe Thomas 0-0: Ball
1-0: Fly out, F8 (Flyball, 8RXD, EV 97.5 MPH)
Batting: RHB Camillo Bonauiti 0-0: Ball
1-0: Ball
2-0: Called Strike
2-1: Ball
3-1: Foul Ball, location: 2F
3-2: Foul Ball, location: 2F
3-2: Foul Ball, location: 2F
3-2: Base on Balls
Batting: SHB Danny Gallegos 0-0: Called Strike
0-1: Foul Ball, location: 2F
0-2: Ball
1-2: Strikes out swinging
Bottom of the 1st over - 0 runs, 0 hits, 0 errors, 1 left on base; York 1 - Windy City 0
TOP OF THE 2ND
York Revolution batting - Pitching for Windy City ThunderBolts : RHP Dusty Haberstroh
Batting: RHB Dan Shaffer 0-0: Called Strike
0-1: Ball
1-1: Ball
2-1: Fly out, F7 (Flyball, 7D, EV 105.0 MPH)
Batting: SHB Sam Fredrick 0-0: Foul Ball, location: 2F
0-1: Ball
1-1: Swinging Strike
1-2: Foul Ball, location: 2F
1-2: Ball
2-2: Ground out 6-3 (Groundball, 6, EV 97.5 MPH)
Batting: RHB Frank Ramirez 0-0: Ball
1-0: Foul Ball, location: 2F
1-1: Foul Ball, location: 2F
1-2: Ball
2-2: Strikes out swinging
Top of the 2nd over - 0 runs, 0 hits, 0 errors, 0 left on base; York 1 - Windy City 0
BOTTOM OF THE 2ND
Windy City ThunderBolts batting - Pitching for York Revolution : LHP Chris Alexopoulos
Batting: RHB Kaoru Hamada 0-0: SINGLE (Line Drive, 3D, EV 97.5 MPH)
Batting: RHB Nhat Phong 0-0: Foul Ball, location: 2F
0-1: Foul Ball, location: 2F
0-2: Ball
1-2: Strikes out swinging
Batting: RHB Ricky Avila 0-0: Called Strike
0-1: Ball
1-1: Swinging Strike
1-2: Foul Ball, location: 2F
1-2: Fly out, F7 (Flyball, 7S, EV 84.4 MPH)
Batting: RHB Paul Holland 0-0: Ball
1-0: Foul Ball, location: 2F
1-1: Fielders Choice at 2nd, 5-4 (Groundball, 5L, EV 80.6 MPH)
Bottom of the 2nd over - 0 runs, 1 hit, 0 errors, 1 left on base; York 1 - Windy City 0
TOP OF THE 3RD
York Revolution batting - Pitching for Windy City ThunderBolts : RHP Dusty Haberstroh
Batting: LHB Quincy Smart 0-0: Called Strike
0-1: Swinging Strike
0-2: Ball
1-2: Strikes out swinging
Batting: LHB Jessie Whedbee 0-0: Swinging Strike
0-1: Called Strike
0-2: Strikes out looking
Batting: LHB Mike Hawk 0-0: Called Strike
0-1: Foul Ball, location: 2F
0-2: Foul Ball, location: 2F
0-2: Ball
1-2: Strikes out looking
Top of the 3rd over - 0 runs, 0 hits, 0 errors, 0 left on base; York 1 - Windy City 0
BOTTOM OF THE 3RD
Windy City ThunderBolts batting - Pitching for York Revolution : LHP Chris Alexopoulos
Batting: RHB Sim Damit 0-0: Called Strike
0-1: Ball
1-1: Ball
2-1: Swinging Strike
2-2: Ball
3-2: Base on Balls
Batting: RHB Dave Dominguez 0-0: Called Strike
0-1: Ball
1-1: Fly out, F8 (Line Drive, 78D, EV 86.2 MPH)
Batting: RHB Joe Thomas 0-0: Called Strike
Sim Damit is caught stealing 2nd base 2-4
0-1: Fly out, F9 (Flyball, 89S, EV 81.9 MPH)
Bottom of the 3rd over - 0 runs, 0 hits, 0 errors, 0 left on base; York 1 - Windy City 0
TOP OF THE 4TH
York Revolution batting - Pitching for Windy City ThunderBolts : RHP Dusty Haberstroh
Batting: LHB Ryan Young 0-0: Called Strike
0-1: Ball
1-1: Called Strike
1-2: Ball
2-2: Ground out 4-3 (Groundball, 13, EV 77.5 MPH)
Batting: LHB Jason Duda 0-0: Called Strike
0-1: Called Strike
0-2: Foul Ball, location: 2F
0-2: Ball
1-2: Ball
2-2: Ball
3-2: Base on Balls
Batting: LHB Jean-Claude Vanbiesbrouck 0-0: Ball
1-0: Foul Ball, location: 2F
1-1: 2-RUN HOME RUN (Flyball, 9LD, EV 92.5 MPH), Distance : 347 ft
Batting: RHB Dan Shaffer 0-0: Ball
1-0: Called Strike
1-1: Foul Ball, location: 2F
1-2: Ball
2-2: Fly out, F8 (Flyball, 8LM, EV 79.4 MPH)
Batting: SHB Sam Fredrick 0-0: Called Strike
0-1: Foul Ball, location: 2F
0-2: Ball
1-2: Foul Ball, location: 2F
1-2: Ground out 6-3 (Groundball, 6, EV 80.6 MPH)
Top of the 4th over - 2 runs, 1 hit, 0 errors, 0 left on base; York 3 - Windy City 0
BOTTOM OF THE 4TH
Windy City ThunderBolts batting - Pitching for York Revolution : LHP Chris Alexopoulos
Batting: RHB Camillo Bonauiti 0-0: Called Strike
0-1: Ground out 5-3 (Groundball, 5, EV 82.5 MPH)
Batting: SHB Danny Gallegos 0-0: Fly out, F9 (Flyball, 89M, EV 90.6 MPH)
Batting: RHB Kaoru Hamada 0-0: Foul Ball, location: 2F
0-1: Foul Ball, location: 2F
0-2: Ball
1-2: Strikes out looking
Bottom of the 4th over - 0 runs, 0 hits, 0 errors, 0 left on base; York 3 - Windy City 0
TOP OF THE 5TH
York Revolution batting - Pitching for Windy City ThunderBolts : RHP Dusty Haberstroh
Batting: RHB Frank Ramirez 0-0: Called Strike
0-1: Foul Ball, location: 2F
0-2: Ball
1-2: Fly out, F8 (Flyball, 8RM, EV 93.8 MPH)
Batting: LHB Quincy Smart 0-0: Ball
1-0: Ball
2-0: Ball
3-0: Base on Balls
Batting: LHB Jessie Whedbee 0-0: Ball
1-0: Called Strike
Quincy Smart steals 2nd base
1-1: Foul Ball, location: 2F
1-2: 2-RUN HOME RUN (Flyball, 89XD, EV 99.4 MPH), Distance : 407 ft
Batting: LHB Mike Hawk 0-0: Ball
1-0: Ball
2-0: Foul Ball, location: 2F
2-1: Ground out 6-3 (Groundball, 4M, EV 106.9 MPH)
Batting: LHB Ryan Young 0-0: Ground out 4-3 (Groundball, 4, EV 82.5 MPH)
Top of the 5th over - 2 runs, 1 hit, 0 errors, 0 left on base; York 5 - Windy City 0
BOTTOM OF THE 5TH
Windy City ThunderBolts batting - Pitching for York Revolution : LHP Chris Alexopoulos
Batting: RHB Nhat Phong 0-0: Swinging Strike
0-1: Foul Ball, location: 2F
0-2: Ball
1-2: Ball
2-2: Strikes out swinging
Batting: RHB Ricky Avila 0-0: Ball
1-0: Ball
2-0: Ball
3-0: Called Strike
3-1: Fly out, F8 (Flyball, 8RXD, EV 95.0 MPH)
Batting: RHB Paul Holland 0-0: Ball
1-0: Swinging Strike
1-1: Ball
2-1: Ball
3-1: Fly out, F9 (Line Drive, 9, EV 83.8 MPH)
Bottom of the 5th over - 0 runs, 0 hits, 0 errors, 0 left on base; York 5 - Windy City 0
TOP OF THE 6TH
York Revolution batting - Pitching for Windy City ThunderBolts : RHP Dusty Haberstroh
Batting: LHB Jason Duda 0-0: SOLO HOME RUN (Flyball, 89XD, EV 99.4 MPH), Distance : 413 ft
Pitching: LHP Craig Courcha
Batting: LHB Jean-Claude Vanbiesbrouck 0-0: Ball
1-0: Ball
2-0: Ball
3-0: Called Strike
3-1: Fly out, F8 (Flyball, 78XD, EV 88.1 MPH)
Batting: RHB Dan Shaffer 0-0: Ball
1-0: Ball
2-0: Ball
3-0: Base on Balls
Batting: SHB Sam Fredrick 0-0: Ball
1-0: Called Strike
1-1: Ball
2-1: Called Strike
2-2: Ball
3-2: Strikes out swinging
Batting: RHB Frank Ramirez 0-0: Fielders Choice at 2nd, 6-4 (Groundball, 6, EV 77.5 MPH)
Top of the 6th over - 1 run, 1 hit, 0 errors, 1 left on base; York 6 - Windy City 0
BOTTOM OF THE 6TH
Windy City ThunderBolts batting - Pitching for York Revolution : LHP Chris Alexopoulos
Batting: RHB Sim Damit 0-0: Swinging Strike
0-1: Foul Ball, location: 2F
0-2: Strikes out swinging
Batting: RHB Dave Dominguez 0-0: Swinging Strike
0-1: Ball
1-1: Swinging Strike
1-2: Foul Ball, location: 2F
1-2: Ball
2-2: SINGLE (Groundball, 4MD, EV 95.0 MPH)
Batting: RHB Joe Thomas 0-0: Ball
1-0: Swinging Strike
1-1: Ball
Wild Pitch!
Dave Dominguez to second
2-1: Ball
3-1: Base on Balls
Batting: RHB Camillo Bonauiti 0-0: Called Strike
0-1: Ball
1-1: Foul Ball, location: 2F
1-2: Ball
2-2: Foul Ball, location: 2F
2-2: Strikes out looking
Pitching: LHP Josh Schmidt
Batting: SHB Danny Gallegos 0-0: Ball
Passed Ball!
Dave Dominguez to third
Joe Thomas to second
1-0: Ball
2-0: SINGLE (Line Drive, 78M, EV 105.6 MPH)
Dave Dominguez scores
Joe Thomas to third
Throwing error, E7
Joe Thomas scores
Danny Gallegos to second
Batting: RHB Kaoru Hamada 0-0: Ball
Wild Pitch!
Danny Gallegos to third
1-0: Ball
2-0: Called Strike
2-1: SINGLE (Line Drive, 89M, EV 89.4 MPH)
Danny Gallegos scores
Batting: RHB Nhat Phong 0-0: Called Strike
0-1: Called Strike
0-2: Strikes out looking
Bottom of the 6th over - 3 runs, 3 hits, 1 error, 1 left on base; York 6 - Windy City 3
TOP OF THE 7TH
York Revolution batting - Pitching for Windy City ThunderBolts : LHP Craig Courcha
Batting: LHB Quincy Smart 0-0: Swinging Strike
0-1: Foul Ball, location: 2F
0-2: Ball
1-2: Foul Ball, location: 2F
1-2: Ball
2-2: Strikes out swinging
Batting: LHB Jessie Whedbee 0-0: Ball
1-0: Ball
2-0: Foul Ball, location: 2F
2-1: Ground out 5-3 (Groundball, 6, EV 86.9 MPH)
Batting: LHB Mike Hawk 0-0: Called Strike
0-1: Foul Ball, location: 2F
0-2: Ball
1-2: Ball
2-2: Strikes out swinging
Top of the 7th over - 0 runs, 0 hits, 0 errors, 0 left on base; York 6 - Windy City 3
BOTTOM OF THE 7TH
Windy City ThunderBolts batting - Pitching for York Revolution : LHP Josh Schmidt
Batting: RHB Ricky Avila 0-0: Foul Ball, location: 2F
0-1: Swinging Strike
0-2: Strikes out swinging
Batting: RHB Paul Holland 0-0: Ball
1-0: Foul Ball, location: 2F
1-1: Ball
2-1: Ball
3-1: SINGLE (Line Drive, 8RS, EV 90.0 MPH)
Batting: RHB Sim Damit 0-0: SINGLE (Line Drive, 34D, EV 93.8 MPH)
Paul Holland to second
Runner from 2nd tries for 3rd, SAFE, throw by RF made to third
Batting: RHB Dave Dominguez 0-0: Called Strike
0-1: Fly out, F7 (Flyball, 78M, EV 91.2 MPH)
Runner from 3rd tags up, OUT at HOME! 7-2
Bottom of the 7th over - 0 runs, 2 hits, 0 errors, 1 left on base; York 6 - Windy City 3
TOP OF THE 8TH
York Revolution batting - Pitching for Windy City ThunderBolts : LHP Craig Courcha
Batting: LHB Ryan Young 0-0: Foul Ball, location: 2F
0-1: Ball
1-1: Ball
2-1: Swinging Strike
2-2: Ball
3-2: Ground out U3 (Groundball, 34S, EV 83.1 MPH)
Batting: LHB Jason Duda 0-0: Fly out, F5 (Popup, 56, EV 61.9 MPH)
Batting: LHB Jean-Claude Vanbiesbrouck 0-0: Ball
1-0: Ball
2-0: Ball
3-0: Called Strike
3-1: Foul Ball, location: 2F
3-2: Foul Ball, location: 2F
3-2: Foul Ball, location: 2F
3-2: Strikes out swinging
Top of the 8th over - 0 runs, 0 hits, 0 errors, 0 left on base; York 6 - Windy City 3
BOTTOM OF THE 8TH
Windy City ThunderBolts batting - Pitching for York Revolution : LHP Josh Schmidt
Batting: RHB Joe Thomas 0-0: Fly out, F9 (Line Drive, 89M, EV 94.4 MPH)
Batting: RHB Camillo Bonauiti 0-0: Ball
1-0: Called Strike
1-1: Foul Ball, location: 2F
1-2: Ground out 5-3 (Groundball, 56S, EV 79.4 MPH)
Batting: SHB Danny Gallegos 0-0: Called Strike
0-1: Swinging Strike
0-2: Ball
1-2: Strikes out looking
Bottom of the 8th over - 0 runs, 0 hits, 0 errors, 0 left on base; York 6 - Windy City 3
TOP OF THE 9TH
York Revolution batting - Pitching for Windy City ThunderBolts : LHP Craig Courcha
Batting: RHB Dan Shaffer 0-0: Called Strike
0-1: Called Strike
0-2: Ball
1-2: Ground out 6-3 (Groundball, 6, EV 86.2 MPH)
Batting: SHB Sam Fredrick 0-0: Foul Ball, location: 2F
0-1: Ball
1-1: Swinging Strike
1-2: Foul Ball, location: 2F
1-2: Foul Ball, location: 2F
1-2: SOLO HOME RUN (Line Drive, 9LD, EV 97.5 MPH), Distance : 348 ft
Batting: RHB Frank Ramirez 0-0: Foul Ball, location: 2F
0-1: Ball
1-1: Swinging Strike
1-2: Foul Ball, location: 2F
1-2: Ball
2-2: Hit by Pitch
Pitching: RHP Ben Robertson
Batting: LHB Quincy Smart 0-0: Fly out, F6 (Popup, 6, EV 75.0 MPH)
Batting: LHB Jessie Whedbee 0-0: Called Strike
0-1: Ball
1-1: Called Strike
Frank Ramirez is caught stealing 2nd base 2-6
Top of the 9th over - 1 run, 1 hit, 0 errors, 0 left on base; York 7 - Windy City 3
BOTTOM OF THE 9TH
Windy City ThunderBolts batting - Pitching for York Revolution : LHP Josh Schmidt
Batting: RHB Kaoru Hamada 0-0: Ball
1-0: Swinging Strike
1-1: Called Strike
1-2: Ball
2-2: Ball
3-2: Base on Balls
Pinch Hitting: RHB Eddie Dimas 0-0: Ball
1-0: SINGLE (Groundball, 6MD, EV 103.1 MPH)
Kaoru Hamada to second
Pitching: RHP RĂ¼diger Stritter
Pinch Hitting: RHB Donovan Deason 0-0: Ball
1-0: SINGLE (Flyball, 5D, EV 89.4 MPH)
Kaoru Hamada to third
Eddie Dimas to second
Batting: RHB Paul Holland 0-0: Ball
1-0: Ball
2-0: Called Strike
2-1: Ball
3-1: Base on Balls
Kaoru Hamada scores
Eddie Dimas to third
Donovan Deason to second
Batting: RHB Sim Damit 0-0: Ball
1-0: Foul Ball, location: 2F
1-1: Ball
Wild Pitch!
Eddie Dimas scores
Donovan Deason to third
Paul Holland to second
2-1: Called Strike
2-2: Strikes out swinging
Batting: RHB Dave Dominguez 0-0: Foul Ball, location: 2F
0-1: Called Strike
0-2: Ball
1-2: Foul Ball, location: 2F
1-2: Strikes out swinging
Batting: RHB Joe Thomas 0-0: Called Strike
0-1: Ball
1-1: Ball
2-1: Ball
3-1: Called Strike
3-2: Foul Ball, location: 2F
3-2: Base on Balls
Batting: RHB Camillo Bonauiti 0-0: Called Strike
0-1: Ball
1-1: Swinging Strike
1-2: SINGLE (Flyball, 3D, EV 88.1 MPH)
Donovan Deason scores
Paul Holland to third
Joe Thomas to second
Runner from 3rd tries for Home, SAFE, throw by RF to home
Batting: SHB Danny Gallegos 0-0: Ball
1-0: Ball
2-0: Ball
3-0: Called Strike
3-1: Base on Balls
Joe Thomas to third
Camillo Bonauiti to second
Pitching: RHP Robert Chauvel
Batting: RHB Kaoru Hamada 0-0: Called Strike
0-1: Ball
1-1: Ball
2-1: SINGLE (Line Drive, 6D, EV 95.6 MPH)
Joe Thomas scores
Bottom of the 9th over - 5 runs, 4 hits, 0 errors, 2 left on base; York 7 - Windy City 8
Tuesday, March 28th , 2023 - OOTP Baseball 23.10 Build 110